 Dungeon Crawl Stone Soup version 0.30-a0-568-g124715a40b (webtiles) character file.

Game seed: 8734134825892188611

2298 bmack86 the Cleaver (level 9, 0/79 HPs)
             Began as a Minotaur Fighter on Dec 28, 2022.
             Slain by a gnoll
             ... wielding a +0 spear
             ... led by a gnoll sergeant
              (2 damage)
             ... on level 6 of the Dungeon on Dec 29, 2022.
             The game lasted 00:17:49 (6111 turns).

bmack86 the Cleaver (Minotaur Fighter)              Turns: 6111, Time: 00:17:49

Health: 0/79       AC: 14    Str: 26    XL:     9   Next: 17%
Magic:  17/17      EV:  7    Int:  5    God:
Gold:   81         SH:  5    Dex:  9    Spells: 8/8 levels left

rFire   . . .      SeeInvis .    y - +2 war axe (heavy)
rCold   . . .      Faith    .    c - +0 buckler
rNeg    . . .      Spirit   .    q - +0 plate armour
rPois   .          Reflect  .    (helmet restricted)
rElec   .          Harm     .    s - scarf {shadows}
rCorr   .          Rampage  .    f - +0 pair of gloves
Will    .....                    (no boots) Stlth
                                 (no amulet)
HPRegen 0.33/turn                g - ring of magical power
MPRegen 0.15/turn                (no ring)

@: no status effects
A: horns 2, retaliatory headbutt
a: no special abilities


You were on level 6 of the Dungeon.
You visited 1 branch of the dungeon, and saw 6 of its levels.
You also visited: Ossuary.

You collected 276 gold pieces.
You spent 195 gold pieces at shops.

Inventory:

Hand Weapons
 a - a +0 war axe
 y - a +2 heavy war axe (weapon)
Missiles
 r - 11 poisoned darts (quivered)
 t - 2 throwing nets
Armour
 c - a +0 buckler (worn)
 f - a +0 pair of gloves (worn)
 q - a +0 plate armour (worn)
 s - a scarf of shadows (worn)
Jewellery
 g - a ring of magical power (left hand)
Wands
 u - a wand of iceblast (11)
 z - a wand of paralysis (20)
Scrolls
 b - 2 scrolls of vulnerability
 n - a scroll of silence
 p - 4 scrolls of fog
 x - a scroll of blinking {unknown}
 A - a scroll of summoning
 B - a scroll of fear
 C - a scroll of poison {unknown}
 G - 2 scrolls of magic mapping {unknown}
 H - a scroll of acquirement {unknown}
 I - a scroll of amnesia {unknown}
 J - 3 scrolls of identify
 K - a scroll of teleportation {unknown}
Potions
 d - a potion of might
 e - 4 potions of lignification
 h - 2 potions of cancellation
 i - a potion of attraction
 j - 4 potions of heal wounds
 k - a potion of magic
 l - 9 potions of curing
 m - a potion of haste
 o - 4 potions of flight
 v - a potion of resistance
 w - a potion of brilliance
 D - a potion of degeneration
 E - 3 potions of invisibility {unknown}
 F - 2 potions of berserk rage {unknown}


   Skills:
 + Level 7.1 Fighting
 * Level 9.2 Axes
 + Level 3.7 Throwing
 + Level 7.1 Armour
 + Level 7.2 Shields


You had 8 spell levels left.
You didn't know any spells.
Your spell library contained the following spells:

 Spells                   Type           Power      Damage    Failure   Level
 Kiss of Death            Conj/Necr      0%         2d5       100%        1
 Magic Dart               Conj           0%         1d3       100%        1
 Cigotuvi's Dreadful Rot  Necr/Pois/Air  0%         N/A       100%        2
 Poisonous Vapours        Pois/Air       0%         N/A       100%        2
 Searing Ray              Conj           0%         2d4       100%        2
 Confusing Touch          Hex            0%         N/A       100%        3
 Mephitic Cloud           Conj/Pois/Air  0%         N/A       100%        3
 Dispel Undead            Necr           0%         3d6       100%        4
 Fulminant Prism          Conj/Hex       0%         3d5       100%        4


Dungeon Overview and Level Annotations

Branches:
Dungeon (6/15)            Ossuary (visited)
 Temple: D:4-7

Altars:
Gozag

Shops:
D:5 *

Annotations:
D:6 3 runed translucent doors, DSscumlord's ghost, weakling DsDe


Innate Abilities, Weirdness & Mutations

You have a pair of horns on your head.
You reflexively headbutt those who attack you in melee.


Message History

You slash the gnoll sergeant!
The gnoll sergeant is severely wounded.
You block the gnoll sergeant's attack. The gnoll hits you but does no damage.
You block the gnoll's attack. The gnoll barely misses you.
The gnoll sergeant hits you but does no damage.
The gnoll hits you from afar with a +0 halberd.
You barely miss the gnoll sergeant. You headbutt the gnoll sergeant.
The gnoll sergeant is severely wounded.
The gnoll sergeant hits you with a +2 trident of freezing.
The gnoll sergeant freezes you.
The gnoll hits you from afar with a +0 spear.
The gnoll hits you but does no damage.
You slice the gnoll sergeant!!
You kill the gnoll sergeant!
The gnoll hits you from afar with a +0 halberd.
The gnoll barely misses you.
The gnoll hits you from afar with a +0 halberd.
* * * LOW HITPOINT WARNING * * *
You block the gnoll's attack. The gnoll hits you but does no damage.
The gnoll hits you from afar with a +0 spear.
* * * LOW HITPOINT WARNING * * *
The gnoll hits you but does no damage.
The gnoll hits you from afar with a +0 spear!
* * * LOW HITPOINT WARNING * * *
Things that are here:
a +2 trident of freezing; a +0 ring mail; a gnoll corpse The gnoll hits you but does no damage.
You block the gnoll's attack.
You are too injured to fight recklessly!
You are too injured to fight recklessly!
Throw: 12 darts (poison)
Press: ? - help, Q - select action, (/) - cycle Shift-Dir - straight line, f - gnoll
Aim: a gnoll, wielding a +0 spear (63% to hit)
You throw a poisoned dart.
The poisoned dart barely misses the gnoll.
The poisoned dart closely misses the gnoll.
The gnoll hits you from afar with a +0 halberd!
* * * LOW HITPOINT WARNING * * *
The gnoll hits you from afar with a +0 spear.
You die...

#### ..# # #.#
..##g#.######
.(.!gg)@....#
...#g#.####.#
...g.####.#######
.....###..........#
##.## #.......##.#
#######.......##.#
......#.......##.#
......#.......##.#
......#.......##.#


You could see 5 gnolls.

Vanquished Creatures
  A wraith (Ossuary)
  4 yaks (D:5)
  A black bear (D:5)
  3 ice beasts
  A centaur (D:5)
  An ogre (D:4)
  A gnoll sergeant (D:6)
  A necrophage (D:4)
  2 scorpions (D:5)
  A howler monkey (D:5)
  2 jellies
  3 hounds (D:5)
  Crazy Yiuf (D:4)
  A gnoll bouda (D:5)
  Terence (D:2)
  6 iguanas
  2 orc wizards
  A mummy (Ossuary)
  8 gnolls
  9 adders
  2 ufetubi (D:5)
  3 worms
  2 dart slugs
  18 orcs
  3 bats
  9 endoplasms
  6 giant cockroaches
  10 goblins
  7 hobgoblins
  A quokka (D:3)
  11 ball pythons
  5 frilled lizards
  7 gnoll skeletons (Ossuary)
  5 kobolds
  8 kobold skeletons (Ossuary)
  10 orc skeletons (Ossuary)
  7 rats
164 creatures vanquished.

Vanquished Creatures (others)
  An orc wizard (D:4)
  8 fungi
  6 plants (D:1)
15 creatures vanquished.

Grand Total: 179 creatures vanquished

Notes
Turn   | Place    | Note
-------+----------+-------------------------------------------
     0 | D:1      | bmack86 the Minotaur Fighter began the quest for the Orb.
     0 | D:1      | Reached XP level 1. HP: 19/19 MP: 0/0
   170 | D:1      | Found a faded altar of an unknown god.
   190 | D:1      | Reached XP level 2. HP: 27/27 MP: 1/1
   245 | D:1      | Reached skill level 3 in Axes
   990 | D:2      | Noticed Terence
   999 | D:2      | Killed Terence
  1000 | D:2      | Reached XP level 3. HP: 19/33 MP: 2/2
  1382 | D:2      | Reached XP level 4. HP: 27/40 MP: 3/3
  1386 | D:2      | Reached skill level 4 in Axes
  2099 | D:3      | Noticed an ice beast
  2108 | D:3      | Killed an ice beast
  2109 | D:3      | Reached XP level 5. HP: 33/47 MP: 4/4
  2314 | D:3      | Reached skill level 5 in Axes
  2322 | D:3      | Reached XP level 6. HP: 32/55 MP: 5/5
  2883 | D:3      | Reached skill level 5 in Shields
  3174 | D:4      | Reached skill level 5 in Fighting
  3174 | D:4      | Reached skill level 5 in Armour
  3642 | D:4      | Found a runed translucent door.
  3643 | D:4      | Noticed Crazy Yiuf
  3647 | D:4      | Killed Crazy Yiuf
  3693 | D:4      | Reached skill level 6 in Axes
  3953 | D:4      | Reached XP level 7. HP: 12/61 MP: 6/6
  4238 | D:5      | Entered Level 5 of the Dungeon
  4290 | D:5      | Reached skill level 1 in Throwing
  4432 | D:5      | Found Wojongutz's Assorted Antiques.
  4540 | D:5      | Bought a runed war axe for 195 gold pieces
  4734 | D:5      | Noticed a yak
  4734 | D:5      | Noticed a yak
  4735 | D:5      | Noticed a yak
  4736 | D:5      | Noticed a yak
  4744 | D:5      | Killed a yak
  4744 | D:5      | Killed a yak
  4745 | D:5      | Reached skill level 7 in Axes
  4745 | D:5      | Reached XP level 8. HP: 33/70 MP: 7/7
  5003 | D:5      | Reached skill level 8 in Axes
  5595 | D:6      | Found a sand-covered staircase.
  5607 | Ossuary  | Entered an ossuary
  5818 | Ossuary  | Reached XP level 9. HP: 76/78 MP: 8/8
  5956 | D:6      | Found a runed translucent gate.
  5957 | D:6      | Found a runed translucent gate.
  5958 | D:6      | Found a runed translucent gate.
  5958 | D:6      | Found an opulent altar of Gozag.
  5959 | D:6      | Noticed DSscumlord's ghost (weakling DsDe)
  5966 | D:6      | Reached skill level 9 in Axes
  6111 | D:6      | HP: 2/79 [gnoll/+0 halberd[a gnoll sergeant] (10)]
  6111 | D:6      | Slain by a gnoll

Illustrated notes

Levels and vault maps discovered:
D:1:      mrwooster_arrival_statue_2, layout_basic, serial_glass,
          glass_columns_b, glass_columns_a,
          shapermc_ecumenical_altar_mp_urbaneastern,
          hangedman_abyss_or_decor_lesser_grid
D:2:      layout_loops_corners, kennysheep_generic_room_3, uniq_terence
D:3:      layout_basic, kennysheep_pointless_box
D:4:      layout_basic, minmay_goblin_outpost, uniq_crazy_yiuf_cottage
D:5:      minmay_razor_zed, layout_basic, nicolae_inconvenience_store
D:6:      layout_loops_cross, nicolae_ossuary_entry_ruins, ebering_ghost_gozag,
          uniq_blork_the_orc

Skill      XL: |  1  2  3  4  5  6  7  8  9 |
---------------+----------------------------+-----
Axes           | 3 4 5 6 7 8 9 |  9.2
Fighting       | 4 5 6 7 |  7.1
Armour         | 4 5 6 7 |  7.1
Shields        | 4 5 6 7 |  7.2
Throwing       | 2 3 |  3.7

Action                   |  1- 3 |  4- 6 |  7- 9 || total
-------------------------+-------+-------+-------++-------
Melee: War axe           |    79 |   171 |   108 ||   358
       Headbutt          |    14 |    24 |    17 ||    55
Throw: Dart              |       |       |     3 ||     3
  Use: Scroll            |       |     7 |     9 ||    16
       Potion            |       |       |     1 ||     1
Armor: Scale mail        |    20 |       |       ||    20
       Chain mail        |     3 |    40 |       ||    43
       Plate armour      |       |    83 |   101 ||   184
Dodge: Dodged            |    23 |    55 |    50 ||   128
Block: Buckler           |    14 |    56 |    28 ||    98

Table legend: (Time is in decaauts)
 A = Elapsed time spent in this place.
 B = Non-inter-level travel time spent in this place.
 C = Inter-level travel time spent in this place.
 D = Time resting spent in this place.
 E = Time spent auto-exploring this place.
 F = Levels seen in this place.
 G = Mean time per level.
                   A        B        C        D        E       F      G
               +--------+--------+--------+--------+--------+-----+--------+
         Total |   6254 |   6143 |    111 |    330 |   3249 |   7 |  893.4 |
       Dungeon |   5979 |   5868 |    111 |    330 |   3249 |   6 |  996.5 |
       Ossuary |    274 |    274 |      0 |      0 |      0 |   1 |  274.0 |
               +--------+--------+--------+--------+--------+-----+--------+

Top non-repeatable levels by time:
     D:5: 1362 daAuts
     D:2: 1159 daAuts
     D:3: 1148 daAuts
     D:4: 1090 daAuts
     D:1: 917 daAuts
     D:6: 302 daAuts
 Ossuary: 274 daAuts
